Map: Breakwater LE

Players

sugubatul

  • Race: Zerg Zerg
  • Spawn Location: 7:00

LaserMan

  • Race: Protoss Protoss
  • Spawn Location: 7:00

JayPieace

  • Race: Zerg Zerg
  • Spawn Location: 1:00

Funkychicken

  • Race: Protoss Protoss
  • Spawn Location: 1:00

VOD

Have the link to the VOD?

Description

Time

  • Played on: Aug. 5, 2025, 12:47 p.m.
  • Length: 14:08
Show
View Real Time Build Order
Export as new Build Order

sugubatul Zerg 

Build Orders: Hatch First, Swarm Host 

Get SALT Encoding   

  12  0:00  Drone  
  13  0:08  Drone  
  14  0:16  Overlord  
  14  0:24  Drone, Extractor  
  15  0:35  Drone  
  15  0:37  Drone  
  17  1:01  Hatchery  
  16  1:05  Spawning Pool  
  16  1:09  Drone  
  16  1:11  Drone  
  17  1:29  Extractor  
  16  1:52  Queen  
  16  1:54  Zergling x6  
  21  2:06  Overlord  
  21  2:14  Drone  
  22  2:20  Queen  
  24  2:23  Drone  
  25  2:31  Drone x2  
  25  2:36  Drone  
  25  3:13  Zergling x2  
  25  3:14  Zergling x16  
  25  3:16  Metabolic Boost  
  34  3:28  Drone x2  
  34  3:32  Lair, Extractor  
  35  3:42  Drone  
  35  3:43  Overlord  
  36  3:50  Evolution Chamber, Drone  
  36  3:51  Evolution Chamber, Drone  
  27  4:33  Drone  
  27  4:34  Drone x6  
  27  4:35  Overlord x2, Drone  
  27  4:37  Zerg Melee Weapons Level 1  
  35  4:43  Zergling x6  
  38  4:49  Extractor, Queen  
  38  4:50  Extractor  
  38  4:54  Drone x2  
  38  4:59  Drone  
  41  5:19  Spire, Zergling x2, Drone x3  
  41  5:20  Zergling x8  
  48  5:32  Overlord  
  48  5:48  Hatchery  
  47  5:55  Hatchery  
  46  5:59  Zergling x4  
  46  6:00  Zergling x14  
  55  6:34  Mutalisk  
  55  6:35  Mutalisk x3  
  63  6:45  Drone  
  63  6:46  Drone x4  
  68  6:48  Overlord  
  68  6:49  Overlord  
  68  7:00  Queen  
  70  7:50  Zergling x2  
  70  7:51  Zergling x40  
  78  7:52  Zergling x2  
  88  8:15  Drone x4  
  88  8:16  Overlord x3, Drone x4  
  87  8:47  Zergling x6  
  87  8:48  Zergling x18  
  93  8:51  Zerg Melee Weapons Level 2  
  93  8:52  Zerg Ground Armor Level 1  
  92  9:10  Extractor  
  92  9:12  Queen, Extractor  
  92  9:15  Drone x8  
  88  10:18  Corruptor  
  88  10:19  Corruptor x5  
  89  10:25  Infestation Pit  
  89  10:26  Zergling x2  
  89  10:27  Zergling x32  
  105  10:35  Drone  
  106  10:36  Drone x3  
  106  10:39  Zergling x4, Extractor x2  
  93  11:20  Overlord, Zergling x2  
  93  11:21  Overlord x7  
  94  11:26  Hive  
  94  11:28  Zergling x2  
  94  11:29  Zergling x26  
  108  12:18  Overlord x2  
  62  13:01  Swarm Host x17  
  62  13:02  Swarm Host x13  
  152  13:12  Infestation Pit  
  151  13:18  Overlord  
  151  13:19  Overlord x9  
Show
View Real Time Build Order
Export as new Build Order

LaserMan Protoss 

Build Orders:  

Get SALT Encoding   

  1  0:00  Probe  
  13  0:24  Pylon  
  13  0:27  Probe  
  14  0:39  Probe  
  15  0:51  Probe  
  16  1:20  Nexus  
  16  1:23  Pylon  
  16  1:49  Probe  
  17  1:57  Probe  
  18  2:12  Gateway  
  18  2:18  Forge  
  17  2:26  Probe  
  18  2:30  Assimilator  
  18  2:34  Probe  
  18  2:40  Probe  
  18  2:42  Probe  
  19  2:45  Gateway  
  19  2:48  Probe  
  22  2:58  Probe  
  22  3:01  Cybernetics Core  
  23  3:09  Probe  
  23  3:10  Probe  
  24  3:18  Probe  
  25  3:21  Photon Cannon  
  25  3:22  Probe  
  25  3:24  Photon Cannon  
  27  3:27  Probe  
  28  3:38  Warp Gate  
  28  3:40  Probe  
  28  3:43  Pylon  
  28  3:48  Probe  
  29  3:52  Probe  
  31  3:58  Probe  
  31  4:02  Zealot  
  34  4:04  Probe  
  34  4:06  Zealot  
  37  4:13  Pylon  
  37  4:16  Probe  
  37  4:17  Pylon  
  38  4:20  Pylon  
  38  4:26  Pylon  
  38  4:28  Protoss Ground Weapons Level 1  
  38  4:29  Pylon, Zealot  
  40  4:33  Zealot  
  40  4:37  Probe  
  43  4:39  Pylon  
  43  4:43  Pylon  
  43  4:44  Probe, Assimilator  
  43  4:52  Probe  
  45  5:01  Gateway  
  45  5:03  Gateway  
  45  5:05  Gateway  
  45  5:07  Twilight Council  
  45  5:10  Probe  
  46  5:18  Probe  
  46  5:22  Assimilator  
  46  5:27  Zealot x2, Assimilator  
  46  5:28  Probe  
  52  5:40  Probe  
  53  5:44  Robotics Facility  
  53  5:52  Probe  
  53  5:55  Dark Shrine  
  54  6:04  Probe  
  55  6:15  Stalker x2  
  59  6:24  Probe  
  59  6:32  Probe  
  60  6:39  Zealot  
  63  6:40  Zealot x4  
  63  6:42  Probe  
  63  6:44  Charge, Nexus  
  63  6:45  Warp Prism  
  74  6:53  Stargate  
  74  6:54  Probe  
  75  7:06  Probe  
  75  7:08  Stalker x4  
  80  7:09  Stalker  
  86  7:18  Probe  
  87  8:03  Dark Templar x3  
  87  8:04  Dark Templar  
  93  8:17  Dark Templar  
  87  8:48  Dark Templar x3  
  91  9:24  Probe  
  86  9:32  Probe  
  87  9:42  Probe  
  88  9:50  Zealot x5  
  98  9:54  Probe  
  99  10:05  Pylon  
  99  10:06  Probe  
  100  10:08  Pylon  
  100  10:16  Nexus  
  100  10:30  Nexus  
  104  10:35  Void Ray  
  104  10:46  Fleet Beacon  
  104  10:49  Robotics Bay  
  104  10:53  Stargate  
  104  10:55  Stargate  
  104  10:59  Robotics Facility  
  104  11:03  Robotics Facility  
  104  11:06  Robotics Facility  
  104  11:08  Robotics Facility  
  104  11:09  Probe  
  104  11:10  Assimilator  
  104  11:11  Stargate  
  104  11:12  Assimilator  
  104  11:17  Stalker, Probe  
  104  11:18  Stalker x4  
  116  11:25  Probe  
  116  11:26  Probe  
  118  11:33  Probe  
  118  11:38  Gateway  
  119  11:40  Gateway  
  119  11:41  Gateway  
  119  11:43  Probe  
  119  11:44  Gateway  
  119  11:45  Gateway  
  120  11:48  Gateway  
  120  11:55  Probe, Gateway  
  120  11:58  Gateway  
  121  12:02  Gateway  
  121  12:04  Gateway  
  121  12:08  Probe  
  122  12:13  Stalker x5  
  53  12:38  Zealot x6  
  53  12:39  Zealot x2  
  45  13:01  Zealot  
  45  13:02  Zealot x7  
  45  13:03  Zealot x4  
  45  13:04  Zealot x3  
  51  13:23  Zealot x2  
  51  13:24  Zealot x5  
  51  13:25  Zealot x5  
  51  13:26  Zealot x3  
  45  13:46  Zealot x4  
  45  13:47  Zealot x5  
  45  13:48  Zealot x2  
  55  13:49  Zealot  
Show
View Real Time Build Order
Export as new Build Order

JayPieace Zerg 

Build Orders: Pool First, Roach Hydra 

Get SALT Encoding   

  12  0:01  Drone  
  13  0:15  Drone  
  13  0:18  Overlord  
  14  0:36  Drone x2  
  14  0:39  Drone  
  17  0:52  Drone  
  17  0:53  Spawning Pool  
  17  1:13  Hatchery, Drone  
  18  1:25  Drone  
  18  1:28  Extractor  
  18  1:30  Drone  
  18  1:40  Queen  
  18  1:42  Drone  
  18  1:43  Overlord  
  21  2:14  Drone x2  
  23  2:17  Queen  
  25  2:25  Drone  
  26  2:30  Overlord x2  
  26  2:34  Metabolic Boost  
  26  2:37  Drone  
  26  2:38  Drone  
  28  2:50  Drone  
  28  2:51  Drone x3  
  30  3:06  Zergling x2  
  30  3:07  Zergling x4  
  31  3:16  Drone  
  31  3:17  Drone  
  35  3:35  Drone x8  
  43  3:43  Lair  
  43  3:45  Queen  
  43  3:53  Drone  
  43  3:54  Drone x2  
  46  3:55  Roach Warren  
  46  3:57  Spore Crawler  
  44  4:02  Spore Crawler  
  44  4:03  Zergling x4  
  44  4:05  Overlord x2  
  42  4:37  Drone x6  
  50  4:46  Glial Reconstitution  
  51  4:52  Drone  
  51  4:53  Drone  
  51  4:54  Hydralisk Den  
  51  4:56  Queen  
  51  4:58  Extractor  
  50  5:03  Roach x2  
  54  5:15  Extractor  
  54  5:18  Overlord, Extractor  
  54  5:19  Overlord  
  52  5:34  Evolution Chamber  
  51  5:36  Grooved Spines  
  51  5:37  Hydralisk  
  51  5:38  Roach  
  51  5:39  Evolution Chamber, Zergling x8  
  58  6:09  Drone x2  
  58  6:10  Drone  
  61  6:14  Hydralisk  
  61  6:15  Roach x2  
  67  6:23  Drone x2  
  69  6:35  Zergling x2  
  69  6:36  Zergling x6  
  73  6:43  Zerg Missile Weapons Level 1  
  73  6:50  Overlord  
  73  6:51  Overlord x4  
  73  6:55  Zerg Ground Armor Level 1  
  73  6:57  Roach  
  75  7:18  Muscular Augments, Hydralisk  
  75  7:19  Roach x2  
  75  7:20  Zergling x12  
  87  7:37  Infestation Pit  
  86  7:49  Hydralisk  
  86  7:50  Hydralisk x5  
  98  8:03  Hydralisk x6  
  110  8:06  Hatchery  
  109  8:16  Hydralisk  
  109  8:17  Hydralisk  
  113  8:37  Roach, Hydralisk x2  
  113  8:38  Roach  
  109  9:04  Hydralisk x3  
  109  9:05  Roach x3  
  109  9:07  Overseer x4  
  119  9:24  Hydralisk  
  119  9:25  Roach  
  119  9:30  Zerg Missile Weapons Level 2  
  123  9:32  Zerg Ground Armor Level 2  
  123  9:33  Hydralisk  
  123  9:34  Roach  
  127  9:46  Drone x3  
  127  9:49  Overlord x4  
  130  9:54  Queen  
  127  10:00  Hydralisk  
  127  10:02  Zergling x2  
  127  10:06  Queen  
  122  10:07  Hydralisk  
  122  10:08  Roach x2, Hydralisk  
  120  10:18  Hydralisk x2  
  120  10:19  Roach x2  
  128  10:22  Drone x2  
  128  10:23  Drone  
  131  10:34  Queen  
  131  10:35  Hydralisk x2  
  133  10:36  Roach  
  139  10:51  Roach, Hive, Hydralisk x2  
  139  10:52  Roach  
  139  10:54  Drone x2  
  147  11:07  Roach, Hydralisk  
  147  11:08  Roach  
  153  11:16  Hydralisk  
  153  11:18  Zergling x12  
  159  11:25  Drone  
  162  11:27  Overlord  
  162  11:44  Queen  
  162  11:45  Overlord x4  
  164  11:51  Hydralisk  
  164  11:52  Roach  
  168  11:58  Drone x2  
  170  12:04  Hydralisk  
  170  12:05  Roach  
  174  12:14  Roach, Hydralisk  
  174  12:15  Roach  
  179  12:26  Roach, Hydralisk x2  
  183  12:34  Hydralisk  
  183  12:35  Zergling x2  
  183  12:36  Zergling x2  
  186  12:43  Hydralisk  
  188  12:44  Zergling x2  
  188  12:45  Zergling x2  
  188  12:47  Drone  
  190  12:51  Hydralisk  
  192  13:04  Hydralisk  
  196  13:05  Roach  
  196  13:06  Zergling x6  
  198  13:31  Hydralisk  
  198  13:32  Roach x2  
  197  13:38  Hydralisk  
  197  13:39  Roach  
  193  13:44  Roach  
  193  13:48  Roach  
Show
View Real Time Build Order
Export as new Build Order

Funkychicken Protoss 

Build Orders:  

Get SALT Encoding   

  12  0:00  Probe  
  13  0:16  Pylon  
  13  0:19  Probe  
  14  0:31  Probe  
  15  0:47  Gateway  
  15  1:00  Probe  
  16  1:06  Assimilator  
  16  1:09  Assimilator  
  16  1:12  Probe  
  17  1:23  Probe  
  18  1:31  Probe  
  18  1:39  Probe  
  20  1:48  Nexus  
  20  1:52  Probe  
  20  2:02  Probe, Cybernetics Core  
  21  2:10  Probe  
  22  2:18  Pylon, Probe  
  23  2:36  Probe  
  24  2:37  Warp Gate  
  24  2:40  Stalker  
  24  2:44  Pylon  
  26  2:45  Probe  
  27  2:53  Probe  
  28  3:10  Zealot  
  30  3:16  Probe x2  
  32  3:24  Probe  
  32  3:26  Shield Battery  
  32  3:28  Probe  
  32  3:33  Probe  
  34  3:38  Shield Battery  
  34  3:40  Probe  
  36  3:42  Probe  
  36  3:45  Sentry  
  39  3:52  Probe  
  39  3:54  Probe  
  41  4:04  Probe  
  41  4:06  Probe  
  43  4:12  Nexus  
  43  4:19  Robotics Facility  
  43  4:35  Probe x2  
  45  4:47  Probe, Twilight Council  
  45  4:48  Probe  
  45  4:49  Pylon  
  47  4:56  Assimilator  
  47  4:57  Assimilator  
  47  5:02  Probe  
  47  5:03  Probe  
  49  5:09  Pylon  
  49  5:10  Probe  
  49  5:11  Pylon, Probe  
  49  5:17  Forge  
  49  5:20  Probe x2  
  51  5:22  Forge  
  53  5:32  Probe x2  
  53  5:33  Probe  
  56  5:41  Protoss Ground Weapons Level 1  
  56  5:44  Probe  
  56  5:45  Protoss Ground Armor Level 1, Probe x2  
  63  5:50  Immortal  
  63  5:56  Probe  
  63  5:57  Pylon, Probe x2  
  65  5:58  Pylon  
  66  6:08  Probe  
  66  6:10  Gateway  
  67  6:13  Gateway  
  67  6:14  Gateway  
  67  6:16  Probe, Gateway x2  
  67  6:17  Probe  
  67  6:18  Gateway  
  69  6:19  Gateway x2  
  69  6:21  Blink  
  69  6:31  Probe x3  
  72  6:34  Robotics Bay  
  72  6:35  Pylon  
  72  6:43  Probe x2  
  72  6:44  Probe, Templar Archives  
  75  6:47  Pylon  
  75  6:50  Pylon  
  75  6:55  Shield Battery, Pylon, Probe  
  75  6:56  Probe x2  
  75  6:58  Photon Cannon  
  75  7:01  Photon Cannon  
  78  7:07  Probe, Assimilator  
  79  7:08  Assimilator  
  79  7:19  Nexus  
  79  7:22  Probe x3  
  82  7:33  Pylon  
  82  7:34  Pylon x2, High Templar  
  82  7:35  High Templar x3  
  90  7:37  Zealot x2  
  90  7:38  Zealot x2  
  90  7:39  Zealot  
  99  7:51  Photon Cannon  
  99  7:53  Probe x3  
  99  7:58  Photon Cannon  
  102  8:01  Photon Cannon  
  102  8:02  Photon Cannon  
  102  8:06  Photon Cannon  
  102  8:10  Probe x3  
  97  8:22  Probe, Colossus  
  99  8:38  Photon Cannon  
  98  8:46  Probe  
  98  8:47  Probe x3  
  100  8:58  Photon Cannon, Probe  
  100  8:59  Probe x3, Archon  
  100  9:00  Archon  
  104  9:04  Photon Cannon  
  99  9:11  Probe x3  
  99  9:14  Photon Cannon  
  99  9:16  Colossus  
  107  9:19  Photon Cannon  
  105  9:25  Probe x4  
  109  9:36  Protoss Ground Weapons Level 2  
  109  9:37  Protoss Ground Armor Level 2, Photon Cannon, Probe x4  
  113  9:38  Photon Cannon  
  113  9:49  Probe x4  
  113  9:50  Charge  
  113  9:51  Psionic Storm  
  117  10:01  Probe x4  
  117  10:05  Zealot x4  
  117  10:06  Zealot x2  
  133  10:08  High Templar x2  
  133  10:10  Observer  
  133  10:13  Probe x4  
  142  10:15  Pylon  
  142  10:17  Pylon  
  142  10:42  Assimilator  
  142  10:46  Assimilator  
  142  10:47  Pylon, Assimilator  
  142  10:48  Pylon x2  
  142  10:50  Pylon  
  142  10:52  Assimilator  
  142  10:54  Gateway  
  142  10:57  Gateway  
  142  11:00  Gateway  
  142  11:01  Gateway  
  142  11:05  Gateway  
  141  11:12  Probe x3  
  141  11:13  Probe  
  143  11:24  Pylon, Probe x3  
  143  11:25  Pylon, Probe  
  147  11:28  Photon Cannon x2  
  147  11:29  Shield Battery  
  147  11:30  Shield Battery  
  147  11:33  Photon Cannon, High Templar  
  147  11:34  High Templar x4  
  147  11:35  Zealot x3  
  147  11:36  Probe, Zealot  
  147  11:37  Probe x3  
  169  11:48  Probe  
  169  11:49  Probe x3  
  173  12:00  Probe  
  173  12:01  Probe x3  
  177  12:13  Photon Cannon, Probe  
  177  12:14  Nexus  
  177  12:15  Photon Cannon  
  178  12:18  High Templar  
  178  12:19  Photon Cannon, Zealot  
  178  12:20  Zealot x4  
  178  12:21  Stalker, Photon Cannon  
  178  12:22  Stalker x2  
  192  12:26  Photon Cannon  
  192  12:28  Photon Cannon  
  190  12:34  Photon Cannon  
  176  12:37  Shield Battery, Colossus  
  176  12:41  Shield Battery  
  176  12:43  Shield Battery  
  182  12:45  High Templar x3  
  182  12:46  High Templar x2  
  192  13:06  Zealot x2  
  192  13:07  Zealot x2  
  198  13:22  Nexus  
  198  13:23  Pylon  
  198  13:26  Gateway, Assimilator  
  198  13:29  Pylon, Gateway  
  198  13:30  Pylon  
  198  13:31  Gateway x2, Assimilator  
  198  13:34  Gateway  
  188  14:02  Zealot x3  
Tags
 
Add a new tag
Caveats
  • Supply blocks, unpowered buildings, or Contaminate may cause inaccurate times.
  • Supply counts are checked every 10 seconds.